Map: Newkirk Precinct TE (Void)

Players

Caliber - Winner!

  • Race: Protoss Protoss
  • Spawn Location: 7:00

SirRobin

  • Race: Zerg Zerg
  • Spawn Location: 5:00

Event: WCS Austin 2017

VOD

Have the link to the VOD?

Description

Time

  • Played on: April 28, 2017, 6 p.m.
  • Length: 34:46

All games in this series

Show
View Real Time Build Order
Export as new Build Order

Caliber Protoss - Winner!

Build Orders:  

Get SALT Encoding   

  12  0:01  Probe (Chrono Boost)  
  13  0:11  Probe (Chrono Boost)  
  14  0:18  Pylon  
  14  0:22  Probe (Chrono Boost)  
  15  0:37  Probe (Chrono Boost)  
  15  0:40  Gateway  
  16  0:47  Probe (Chrono Boost)  
  17  0:50  Assimilator  
  17  0:58  Probe (Chrono Boost)  
  17  1:03  Forge  
  18  1:08  Probe (Chrono Boost)  
  19  1:12  Pylon  
  19  1:19  Probe (Chrono Boost)  
  20  1:36  Photon Cannon  
  20  1:40  Probe (Chrono Boost)  
  20  1:41  Assimilator  
  20  1:46  Cybernetics Core  
  21  1:51  Probe (Chrono Boost)  
  22  1:58  Photon Cannon  
  22  2:02  Probe (Chrono Boost)  
  25  2:13  Pylon  
  25  2:20  Assimilator  
  25  2:21  Probe (Chrono Boost)  
  25  2:22  Stalker  
  26  2:33  Probe (Chrono Boost)  
  28  2:45  Probe (Chrono Boost)  
  28  2:47  Warp Gate  
  28  2:48  Adept  
  27  2:58  Probe (Chrono Boost)  
  30  3:02  Pylon  
  30  3:11  Mothership Core (Chrono Boost)  
  32  3:15  Adept  
  32  3:17  Pylon  
  34  3:30  Nexus  
  34  3:34  Probe (Chrono Boost)  
  35  3:39  Sentry  
  37  3:54  Photon Cannon  
  37  3:56  Photon Cannon  
  37  4:06  Probe (Chrono Boost)  
  38  4:13  Stargate  
  39  4:17  Adept  
  39  4:18  Probe (Chrono Boost)  
  41  4:30  Probe (Chrono Boost)  
  42  4:37  Stargate  
  42  4:41  Probe (Chrono Boost)  
  42  4:42  Probe (Chrono Boost)  
  44  4:51  Probe (Chrono Boost)  
  44  4:52  Probe (Chrono Boost)  
  42  5:02  Probe (Chrono Boost)  
  42  5:03  Probe (Chrono Boost), Pylon  
  42  5:04  Pylon  
  41  5:11  Pylon  
  41  5:13  Probe x2 (Chrono Boost)  
  43  5:17  Sentry  
  44  5:23  Probe (Chrono Boost), Photon Cannon  
  44  5:24  Probe (Chrono Boost)  
  46  5:28  Photon Cannon  
  46  5:35  Probe x2 (Chrono Boost)  
  43  5:45  Probe x2 (Chrono Boost), Sentry  
  45  5:56  Probe x2 (Chrono Boost)  
  47  6:03  Void Ray  
  50  6:06  Probe x2 (Chrono Boost)  
  50  6:10  Sentry  
  54  6:17  Probe x2 (Chrono Boost)  
  54  6:27  Probe x2 (Chrono Boost)  
  55  6:36  Void Ray  
  55  6:38  Probe x2 (Chrono Boost)  
  61  6:48  Probe (Chrono Boost), Pylon  
  61  6:49  Probe (Chrono Boost)  
  63  6:56  Void Ray  
  63  6:59  Probe x2 (Chrono Boost)  
  69  7:05  Adept  
  71  7:10  Probe x2 (Chrono Boost)  
  71  7:13  Gateway  
  73  7:17  Gateway  
  73  7:19  Pylon  
  73  7:25  Assimilator  
  73  7:29  Assimilator  
  73  7:32  Probe x2 (Chrono Boost)  
  73  7:37  Pylon  
  75  7:38  Void Ray  
  79  7:55  Pylon  
  79  7:59  Void Ray  
  83  8:14  Probe x2 (Chrono Boost)  
  83  8:15  Adept  
  87  8:21  Void Ray  
  87  8:23  Adept x2  
  95  8:28  Pylon  
  95  8:35  Photon Cannon  
  95  8:37  Pylon  
  95  8:48  Void Ray  
  95  8:50  Zealot  
  101  9:04  Void Ray  
  105  9:11  Fleet Beacon  
  105  9:28  Nexus  
  105  9:29  Pylon  
  105  9:31  Pylon  
  105  9:50  Photon Cannon  
  105  9:52  Photon Cannon  
  105  9:54  Photon Cannon  
  105  9:56  Photon Cannon  
  105  10:01  Tempest  
  111  10:12  Tempest  
  117  10:18  Protoss Air Weapons Level 1  
  117  10:31  Probe x2 (Chrono Boost)  
  119  10:41  Probe (Chrono Boost)  
  120  10:44  Tempest  
  126  11:03  Assimilator  
  126  11:05  Probe x3 (Chrono Boost)  
  126  11:08  Twilight Council  
  129  11:16  Probe x3 (Chrono Boost)  
  138  11:20  Zealot x3  
  138  11:24  Pylon  
  144  11:27  Assimilator, Probe (Chrono Boost), Photon Cannon  
  144  11:30  Pylon  
  145  11:35  Pylon  
  145  11:40  Zealot x2  
  149  11:49  Tempest x2  
  161  11:57  Templar Archives  
  117  12:33  Psionic Storm  
  117  12:37  Tempest  
  117  12:39  Nexus  
  117  12:42  Pylon  
  123  12:47  High Templar x2  
  123  12:51  High Templar  
  129  13:17  Pylon  
  129  13:19  Pylon  
  129  13:26  Pylon x2  
  129  13:34  Nexus  
  129  13:35  Pylon  
  126  13:44  High Templar x3  
  126  13:47  Pylon  
  132  13:59  Nexus  
  132  14:05  Pylon x2  
  132  14:14  High Templar x2  
  136  14:18  Archon  
  136  14:30  Archon x2  
  136  14:31  Archon  
  102  14:42  High Templar, Probe x2 (Chrono Boost)  
  102  14:43  High Templar x2  
  112  14:54  Probe x2 (Chrono Boost)  
  112  15:06  Robotics Facility  
  112  15:12  High Templar  
  114  15:15  Probe (Chrono Boost)  
  114  15:16  Probe x2 (Chrono Boost)  
  114  15:19  Assimilator  
  117  15:24  Assimilator  
  117  15:29  Pylon  
  117  15:40  High Templar  
  117  15:41  Zealot  
  117  15:42  Zealot  
  125  15:51  Probe x2 (Chrono Boost)  
  125  15:54  Observer  
  126  16:01  Photon Cannon  
  126  16:02  Photon Cannon  
  127  16:05  Probe (Chrono Boost)  
  127  16:06  Probe (Chrono Boost)  
  127  16:07  Probe (Chrono Boost)  
  129  16:12  High Templar  
  131  16:21  Carrier  
  137  16:48  High Templar  
  137  16:50  Zealot x2  
  137  16:54  Carrier  
  143  17:01  Pylon  
  149  17:14  Pylon  
  149  17:18  Nexus  
  149  17:25  High Templar  
  151  17:43  Photon Cannon  
  150  17:44  Carrier  
  150  17:46  Photon Cannon  
  150  17:47  Photon Cannon  
  150  17:49  Pylon  
  156  18:02  Graviton Catapult  
  157  18:07  Probe (Chrono Boost)  
  157  18:08  Probe (Chrono Boost)  
  157  18:10  Probe (Chrono Boost)  
  159  18:17  High Templar  
  159  18:19  Probe (Chrono Boost)  
  162  18:25  Pylon  
  162  18:35  Carrier  
  162  18:37  Protoss Air Armor Level 1  
  168  19:05  Pylon  
  168  19:06  High Templar  
  168  19:08  Void Ray  
  170  19:10  Photon Cannon  
  174  19:17  Assimilator  
  174  19:22  Assimilator, Zealot  
  174  19:23  Zealot  
  178  19:34  Photon Cannon  
  178  19:36  Protoss Shields Level 1  
  178  19:40  Stargate  
  178  19:53  Carrier  
  183  20:26  Protoss Air Weapons Level 2, Pylon  
  183  20:28  Carrier  
  183  20:30  Probe (Chrono Boost)  
  183  20:32  Probe x2 (Chrono Boost)  
  192  20:42  Pylon  
  192  20:56  Gateway  
  192  20:58  Gateway  
  192  21:01  Gateway  
  192  21:03  Photon Cannon  
  196  21:19  Void Ray  
  196  21:24  Oracle  
  199  21:30  Photon Cannon  
  199  21:32  Photon Cannon  
  199  21:41  Photon Cannon  
  199  21:43  Pylon  
  189  21:56  Photon Cannon  
  189  22:00  High Templar x2, Photon Cannon  
  193  22:04  High Templar x2  
  193  22:05  Archon  
  197  22:15  Archon  
  197  22:19  Photon Cannon  
  192  22:34  High Templar  
  192  22:35  High Templar  
  192  22:58  Zealot x4  
  182  23:22  High Templar x4  
  190  23:30  Observer  
  190  23:32  Photon Cannon  
  191  23:35  Photon Cannon  
  191  23:36  Photon Cannon  
  186  23:52  Carrier  
  186  23:54  Pylon  
  192  24:01  Pylon  
  192  24:04  Zealot x3  
  192  24:05  Zealot  
  200  24:12  Photon Cannon  
  200  24:14  Photon Cannon  
  200  24:28  Protoss Air Weapons Level 3  
  200  24:29  Protoss Shields Level 2  
  200  24:39  Photon Cannon  
  200  24:40  Photon Cannon  
  200  24:53  Pylon  
  200  24:58  Pylon  
  200  25:11  Photon Cannon  
  200  25:12  Photon Cannon  
  200  25:13  Photon Cannon  
  200  25:16  Pylon  
  200  25:40  Photon Cannon  
  200  25:43  Pylon, Photon Cannon  
  200  25:46  Pylon  
  200  25:47  Pylon  
  200  26:02  Nexus  
  200  26:05  Photon Cannon  
  200  26:06  Photon Cannon  
  200  26:08  Photon Cannon  
  200  26:10  Photon Cannon  
  200  26:11  Photon Cannon  
  200  26:15  Photon Cannon  
  200  26:17  Assimilator  
  200  26:22  Assimilator  
  200  26:27  Protoss Shields Level 3  
  200  26:47  Protoss Air Armor Level 2, Photon Cannon  
  200  26:49  Photon Cannon  
  200  26:52  Photon Cannon  
  200  27:16  Photon Cannon  
  200  27:18  Photon Cannon  
  200  27:22  Photon Cannon  
  200  27:26  Photon Cannon  
  196  28:10  High Templar x2  
  196  28:11  Assimilator  
  200  28:43  Photon Cannon  
  163  29:13  Observer  
  163  29:15  Carrier x2  
  163  29:16  Tempest  
  182  29:18  High Templar x2  
  182  29:19  High Templar  
  182  29:20  High Templar  
  190  29:24  High Templar x2  
  190  29:26  Assimilator  
  190  29:28  Archon  
  194  29:33  Mothership Core (Chrono Boost)  
  196  29:50  Pylon  
  196  30:04  Photon Cannon  
  196  30:08  Zealot x2  
  200  30:17  Photon Cannon  
  200  30:21  Assimilator  
  200  30:24  Photon Cannon  
  200  30:26  Photon Cannon  
  193  30:51  Photon Cannon  
  193  30:55  Pylon  
  180  31:17  Assimilator  
  180  31:24  Observer  
  187  31:25  High Templar x2  
  187  31:26  High Templar  
  187  31:30  Photon Cannon  
  193  31:33  Photon Cannon  
  193  31:36  Zealot  
  193  31:37  Pylon  
  195  31:42  Assimilator, Zealot  
  195  31:43  Zealot  
  199  31:57  Photon Cannon  
  197  32:29  Zealot, Photon Cannon  
  190  32:58  Zealot x3  
  190  32:59  Zealot  
  196  33:20  Assimilator  
  196  33:46  Photon Cannon  
  196  33:47  Zealot  
  196  33:48  Zealot  
  173  34:28  Assimilator, Zealot x3  
Show
View Real Time Build Order
Export as new Build Order

SirRobin Zerg 

Build Orders: Hatch First, Zergling Baneling 

Get SALT Encoding   

  12  0:00  Drone  
  13  0:08  Drone  
  14  0:17  Overlord  
  14  0:24  Drone, Extractor  
  15  0:35  Drone x2  
  17  0:52  Hatchery  
  17  0:55  Drone  
  17  0:58  Drone  
  18  1:12  Spawning Pool  
  18  1:14  Extractor  
  18  1:17  Drone  
  17  1:20  Drone  
  18  1:27  Drone  
  19  1:37  Drone  
  20  1:49  Hatchery  
  20  1:51  Drone  
  20  1:59  Queen  
  22  2:09  Queen  
  24  2:20  Metabolic Boost  
  24  2:23  Zergling x2  
  24  2:24  Zergling x2  
  24  2:27  Drone  
  27  2:32  Overlord  
  27  2:54  Drone x2  
  27  2:56  Drone x2  
  30  2:58  Overlord  
  30  3:01  Drone  
  31  3:16  Hatchery  
  30  3:20  Drone  
  31  3:29  Zergling x2  
  31  3:30  Zergling x6  
  34  3:43  Drone x2, Baneling Nest  
  34  3:44  Drone  
  34  3:46  Zergling x4  
  37  3:50  Zergling x2  
  37  3:53  Zergling x2  
  37  3:54  Zergling x2  
  40  4:00  Overlord  
  40  4:02  Zergling x4  
  42  4:09  Zergling x2  
  43  4:16  Overlord  
  43  4:17  Zergling x2  
  44  4:20  Zergling x6  
  44  4:24  Zergling x6  
  49  4:27  Baneling x3  
  49  4:28  Baneling  
  49  4:29  Baneling  
  49  4:31  Baneling  
  50  4:32  Baneling  
  50  4:33  Baneling  
  50  4:34  Baneling  
  50  4:38  Zergling x2  
  51  4:39  Zergling x2  
  44  5:00  Zergling x10  
  44  5:01  Zergling x10  
  53  5:07  Zergling x2  
  53  5:08  Zergling x4  
  55  5:15  Drone  
  55  5:16  Drone x2  
  55  5:21  Queen  
  59  5:25  Baneling  
  59  5:26  Baneling x3  
  53  5:44  Drone x8  
  53  5:49  Drone  
  58  5:52  Drone x3  
  61  6:02  Drone x5  
  63  6:07  Roach Warren  
  63  6:08  Extractor  
  61  6:12  Overlord  
  61  6:15  Drone  
  61  6:17  Drone  
  61  6:18  Drone  
  57  6:28  Drone  
  57  6:29  Drone x3  
  58  6:33  Extractor x2  
  56  6:42  Overlord x2  
  56  6:48  Roach  
  56  6:49  Roach x8  
  74  6:57  Overlord x2  
  74  6:58  Extractor  
  73  7:07  Lair  
  74  7:08  Drone x3  
  74  7:09  Drone x4  
  74  7:15  Overlord x2  
  80  7:24  Drone  
  80  7:25  Drone  
  80  7:27  Overlord x2  
  82  7:35  Extractor  
  81  7:41  Ravager  
  79  7:48  Queen  
  79  7:50  Hatchery, Spore Crawler  
  79  7:54  Zergling x6  
  79  7:55  Zergling x18  
  91  8:01  Spore Crawler  
  88  8:11  Drone  
  88  8:19  Spore Crawler  
  85  8:22  Spore Crawler  
  85  8:26  Zergling x4  
  85  8:27  Zergling x14  
  93  8:30  Overlord x2  
  93  8:31  Queen, Hydralisk Den  
  89  8:51  Drone x9  
  89  8:52  Drone x2  
  98  9:11  Hydralisk  
  98  9:12  Hydralisk  
  98  9:14  Overlord x3  
  98  9:15  Extractor  
  101  9:18  Extractor  
  100  9:28  Hydralisk  
  100  9:30  Evolution Chamber  
  100  9:31  Overlord x2  
  101  9:32  Drone x2, Evolution Chamber  
  101  9:34  Hydralisk x4  
  101  9:35  Hydralisk  
  101  9:38  Drone  
  115  9:39  Drone x4  
  115  9:44  Overseer  
  119  9:47  Drone  
  119  9:49  Overlord x2  
  120  9:53  Muscular Augments  
  120  10:00  Spawning Pool  
  120  10:02  Extractor  
  118  10:09  Hydralisk  
  118  10:10  Hydralisk x6  
  132  10:19  Hydralisk x3  
  138  10:32  Zerg Ground Armor Level 1  
  138  10:34  Zerg Missile Weapons Level 1  
  138  10:36  Hydralisk x6  
  148  10:49  Overlord x3  
  144  11:05  Overlord  
  144  11:06  Overlord x2  
  144  11:19  Hatchery  
  144  11:22  Extractor  
  144  11:23  Extractor  
  141  11:26  Hydralisk  
  141  11:27  Hydralisk x11  
  141  11:29  Overlord  
  165  11:35  Baneling  
  165  11:36  Baneling x10  
  165  11:39  Baneling x5  
  164  11:40  Baneling x2  
  164  11:41  Baneling  
  164  11:42  Baneling x2  
  164  11:43  Baneling x2  
  164  11:44  Baneling  
  164  11:49  Baneling  
  164  11:50  Baneling x6  
  149  12:11  Hydralisk x4  
  149  12:12  Hydralisk x3  
  143  12:31  Overseer x2  
  143  12:33  Zergling x2  
  143  12:34  Zergling x16  
  143  12:35  Queen  
  150  12:37  Overseer  
  150  12:50  Zerg Missile Weapons Level 2  
  150  12:56  Zergling x16  
  158  13:10  Hydralisk  
  158  13:11  Hydralisk x6  
  172  13:17  Zergling x2  
  172  13:18  Zergling x12  
  179  13:26  Infestation Pit  
  178  13:32  Baneling  
  178  13:33  Baneling x10  
  178  13:35  Zergling x2  
  178  13:36  Zergling x16  
  178  13:39  Hatchery  
  182  13:53  Drone x3  
  182  13:54  Drone x6  
  191  13:55  Drone x2  
  191  14:01  Extractor  
  192  14:05  Extractor  
  191  14:10  Hive  
  191  14:18  Overlord, Hydralisk  
  191  14:19  Hydralisk x3  
  138  14:38  Hydralisk x10  
  88  14:39  Hydralisk x3  
  88  14:44  Hydralisk x2  
  118  14:58  Pathogen Glands  
  118  15:04  Drone x2  
  120  15:14  Zerg Ground Armor Level 2  
  120  15:20  Drone x3  
  123  15:22  Drone x6  
  123  15:25  Spore Crawler  
  123  15:26  Spore Crawler  
  123  15:28  Spore Crawler x3  
  124  15:30  Drone x5  
  124  15:31  Drone x3  
  124  15:32  Drone x2, Spore Crawler  
  124  15:33  Spore Crawler  
  124  15:34  Spore Crawler  
  124  15:35  Spore Crawler  
  130  16:01  Hatchery  
  130  16:02  Viper x5  
  144  16:06  Viper  
  147  16:12  Hatchery  
  146  16:23  Viper x3  
  155  16:26  Hydralisk x2  
  155  16:27  Hydralisk x3  
  165  16:35  Drone  
  165  16:36  Drone x7  
  165  16:38  Overlord  
  173  16:50  Infestor x4  
  181  16:57  Overseer  
  181  16:58  Overseer  
  181  17:01  Infestor  
  181  17:04  Hydralisk x4  
  181  17:06  Overlord  
  191  17:10  Drone x4  
  195  17:24  Spore Crawler x4  
  195  17:26  Drone  
  192  17:31  Zergling x12  
  192  17:32  Zergling x4  
  200  17:59  Overseer x2  
  200  18:01  Overseer  
  200  18:18  Spore Crawler  
  200  18:19  Drone  
  200  18:20  Drone x2, Spore Crawler x2  
  200  18:21  Spore Crawler  
  200  18:23  Neural Parasite  
  200  18:25  Zerg Ground Armor Level 3  
  200  18:26  Zerg Missile Weapons Level 3  
  195  19:04  Queen  
  197  19:11  Burrow  
  197  19:25  Hatchery  
  197  19:29  Adrenal Glands  
  194  19:37  Drone  
  194  19:38  Drone x4  
  199  19:48  Drone  
  199  19:49  Spore Crawler  
  199  19:50  Spore Crawler x3  
  199  19:51  Spore Crawler  
  199  19:52  Spore Crawler  
  194  20:16  Extractor  
  194  20:19  Extractor  
  191  20:24  Infestor x5, Spore Crawler  
  191  20:25  Spore Crawler  
  191  20:27  Spore Crawler  
  188  20:43  Drone x3  
  188  20:46  Drone, Spore Crawler  
  188  20:47  Spore Crawler  
  188  20:48  Drone x3, Spore Crawler x3  
  188  20:49  Drone  
  191  20:53  Drone x2  
  191  20:54  Spore Crawler  
  191  20:56  Spore Crawler  
  191  21:57  Hatchery  
  162  22:31  Infestor x2  
  162  22:32  Infestor x3  
  162  22:34  Hydralisk x4  
  162  22:35  Hydralisk x11  
  200  22:51  Infestor x4  
  200  23:06  Spore Crawler  
  200  23:07  Spore Crawler  
  200  23:08  Spore Crawler  
  197  23:17  Viper x3  
  197  23:18  Viper x5  
  198  23:31  Extractor  
  197  23:38  Extractor  
  148  23:49  Hydralisk x8  
  148  23:50  Hydralisk x18  
  174  24:48  Infestor x3  
  174  24:50  Queen x4  
  188  24:53  Hydralisk  
  188  24:54  Hydralisk x5  
  196  26:24  Queen x2  
  194  26:36  Infestor, Hydralisk x4  
  198  27:06  Spine Crawler  
  198  27:07  Spine Crawler x2  
  189  27:08  Spine Crawler  
  189  27:11  Spine Crawler  
  187  27:16  Spine Crawler  
  187  27:19  Spine Crawler  
  187  27:20  Spine Crawler  
  187  27:22  Spine Crawler  
  182  27:23  Spine Crawler  
  178  27:37  Infestor x2  
  178  27:38  Infestor x3  
  144  28:07  Hydralisk  
  144  28:08  Hydralisk x22  
  184  28:35  Hydralisk x3  
  184  28:38  Viper  
  184  28:39  Viper x2  
  147  29:03  Hydralisk  
  147  29:04  Hydralisk x22  
  147  29:05  Hydralisk  
  171  29:16  Hydralisk x4  
  171  29:17  Hydralisk x2  
  183  29:27  Overlord x3  
  183  29:28  Overseer  
  183  29:36  Queen, Hatchery  
  184  29:39  Extractor  
  184  29:45  Queen  
  181  30:04  Viper x4  
  181  30:05  Viper  
  196  30:10  Overlord  
  196  30:12  Overseer x4  
  145  31:09  Hydralisk x6  
  145  31:10  Hydralisk x20  
  164  31:19  Pneumatized Carapace  
  164  31:38  Drone x2  
  164  31:39  Drone  
  149  32:16  Viper x3  
  149  32:17  Viper x2  
  161  32:44  Drone x3, Extractor  
  164  32:46  Extractor  
  161  33:02  Spore Crawler  
  161  33:03  Spine Crawler  
  161  33:04  Spore Crawler x2, Spine Crawler  
  161  33:05  Spine Crawler  
  152  33:09  Spore Crawler  
  152  33:10  Spore Crawler  
  152  33:12  Spore Crawler  
  141  33:28  Hydralisk  
  141  33:29  Hydralisk x18  
  141  33:30  Hydralisk x4  
  76  34:20  Hydralisk x13  
  76  34:21  Hydralisk x8  
Tags
 
Add a new tag
Caveats
  • Supply blocks, unpowered buildings, or Contaminate may cause inaccurate times.
  • Supply counts are checked every 10 seconds.